[Event "December 5 Late 2023"]
[Site "https://www.chess.com"]
[Date "2023.12.05"]
[Round "6"]
[White "Gadimbayli, Abdulla"]
[Black "Martinez Alcantara, Jose Eduardo"]
[Result "0-1"]
[Board "16"]
[TimeControl "180+1"]
[WhiteFideId "13404938"]
[BlackFideId "3805662"]
[WhiteElo "2829"]
[BlackElo "2972"]
[WhiteTeam "AZE"]
[BlackTeam "PER"]
[WhiteClock "0:00:16"]
[BlackClock "0:00:33"]

1. e4 c5 2. Nf3 d6 3. d4 cxd4 4. Nxd4 a6 5. Nc3 e6 6. g3 Bd7 7. Bg2 Nc6 8. O-O Nf6 9. Be3 Be7 10. Qe2 O-O 11. Rad1 Qc7 12. h3 Rac8 13. f4 Na5 14. Kh2 Nc4 15. Bc1 b5 16. a3 Rfd8 17. Rd3 Be8 18. Rfd1 Nd7 19. b3 Ncb6 20. Bb2 Bf8 21. e5 dxe5 22. Nc6 exf4 23. Nxd8 fxg3+ 24. Kh1 Rxd8 25. Ne4 Nd5 26. Rxg3 Nf4 27. Qg4 Ng6 28. Qh5 f5 29. Ng5 Nf6 30. Bxf6 Rxd1+ 31. Kh2 gxf6 32. Nxe6 Qd6 33. Nxf8 Kxf8 34. Qxf5 Rd2 0-1

[Event "December 5 Late 2023"]
[Site "https://www.chess.com"]
[Date "2023.12.05"]
[Round "6"]
[White "Drygalov, Andrey"]
[Black "Miladinovic, Igor"]
[Result "1/2-1/2"]
[Board "17"]
[TimeControl "180+1"]
[WhiteFideId "24171735"]
[BlackFideId "4203380"]
[WhiteElo "2968"]
[BlackElo "2820"]
[WhiteTeam "RUS"]
[BlackTeam "SRB"]
[WhiteClock "0:00:06"]
[BlackClock "0:00:04"]

1. e4 c5 2. Nf3 Nc6 3. Bb5 e6 4. Bxc6 bxc6 5. d3 Ne7 6. Qe2 Ng6 7. h4 h5 8. e5 d5 9. exd6 Bxd6 10. Nbd2 e5 11. Nc4 Bg4 12. Qe4 Rc8 13. Bg5 Qc7 14. O-O-O O-O 15. Kb1 f5 16. Qe3 Rce8 17. Rde1 Qd7 18. Qd2 Bc7 19. Qc3 Bxf3 20. gxf3 Kh7 21. Rhg1 Qd5 22. Ne3 Qxf3 23. Qxc5 Bb6 24. Qd6 Rf7 25. Rg3 Qxf2 26. Rgg1 f4 27. Bd8 Bxe3 28. Qxg6+ Kg8 29. Bf6 Qxg1 30. Rxg1 Bxg1 31. Bxg7 Re6 32. Bf6+ Kf8 33. Qh6+ Ke8 34. Qh8+ Rf8 35. Qxh5+ Kd7 36. Bxe5 f3 37. Bg3 f2 38. Bxf2 Bxf2 39. a4 Bb6 40. a5 Bc7 41. Qc5 Ra8 42. h5 Bd6 43. Qd4 Re7 44. h6 Kc7 45. c3 Rd7 46. Kc2 c5 47. Qd5 Rb8 48. a6 Rb6 49. Qf5 Re7 50. h7 Re2+ 51. Kd1 Rh2 52. Qf7+ Kc6 53. Qe8+ Kc7 54. h8=Q Rxh8 55. Qxh8 Rxb2 56. Qg7+ Kc6 57. Kc1 Rb6 58. Kc2 Rxa6 59. Qf7 Bc7 60. Qe6+ Kb7 61. Qd5+ Rc6 62. Kb3 Kb6 63. Kc4 a6 64. Qd7 Bd6 65. Qd8+ Bc7 66. Qe8 Rd6 67. Qe4 Rc6 68. Kb3 Rd6 69. Qf5 Rc6 70. Kc4 Kb7 71. Qe4 Kb6 72. Qh1 Kb7 73. Qb1+ Rb6 74. Qg1 Rc6 75. Qg2 Kb6 76. Qf3 Kb7 77. Kb3 Kb6 78. Qe4 Kb7 79. Kc4 Kb6 1/2-1/2

[Event "December 5 Late 2023"]
[Site "https://www.chess.com"]
[Date "2023.12.05"]
[Round "6"]
[White "KhalilMousavi98"]
[Black "Svane, Frederik"]
[Result "1/2-1/2"]
[Board "18"]
[TimeControl "180+1"]
[BlackFideId "12923044"]
[WhiteElo "2814"]
[BlackElo "2939"]
[BlackTeam "GER"]
[WhiteClock "0:00:05"]
[BlackClock "0:00:14"]

1. d4 Nf6 2. c4 e6 3. Nf3 d5 4. Nc3 Nbd7 5. cxd5 exd5 6. Bg5 h6 7. Bh4 Bb4 8. e3 g5 9. Bg3 Ne4 10. Qb3 c5 11. Bb5 Qa5 12. Bxd7+ Bxd7 13. Qxd5 Bxc3+ 14. Kf1 O-O-O 15. Qxe4 Bxb2 16. Rb1 Qc3 17. Kg1 Rhe8 18. Ne5 f6 19. Nf7 Rxe4 20. Nd6+ Kc7 21. Nxe4+ Kc6 22. Nxc3 Bxc3 23. h4 cxd4 24. hxg5 hxg5 25. Rc1 Kd5 26. exd4 Bxd4 27. Rh7 Bc6 28. Re7 f5 29. Bc7 Rc8 30. Rd1 Kc4 31. Be5 Bb6 32. Rg7 g4 33. Rf7 Rg8 34. Bg3 Re8 35. Rxf5 Re2 36. Rf4+ Kb5 37. Rxg4 Rxa2 38. Rg5+ Kc4 39. Rc1+ Kd3 40. Re5 a5 41. Ree1 a4 42. Red1+ Ke4 43. Rb1 Bc5 44. Rdc1 b6 45. Rc4+ Kd5 46. Rc3 Rd2 47. Re1 a3 48. Re5+ Kd4 49. Rexc5 bxc5 50. Rxa3 c4 51. Bf4 Rd1+ 52. Kh2 c3 53. Be3+ Kd3 54. Ra5 c2 55. Rc5 Be4 56. Kg3 Rg1 57. Kf4 Bxg2 58. f3 Rf1 59. Rd5+ Kc4 60. Rc5+ Kd3 61. Rd5+ Kc3 62. Rc5+ Kb3 63. Rb5+ Ka4 64. Rc5 Rxf3+ 65. Ke4 Rh3+ 66. Kd3 Bf1+ 67. Kd2 Rh2+ 68. Kc1 Re2 69. Bd2 Bg2 70. Rc4+ Kb3 71. Rc3+ Ka4 72. Rc4+ Kb5 73. Rxc2 Be4 74. Rc3 Rg2 75. Re3 Bd5 76. Kb2 Kc4 77. Rc3+ Kd4 78. Kc1 Rg1+ 79. Kb2 Rg2 80. Kc1 Be4 81. Re3 Rg1+ 82. Re1 Rg6 83. Be3+ Kd3 84. Bf2 Rc6+ 85. Kb1 Kd2+ 86. Kb2 Bd3 87. Re5 Rc2+ 88. Kb3 Bc4+ 89. Kb4 Bd3 90. Be3+ Ke2 91. Bc5+ Kd2 92. Ka5 Ra2+ 93. Kb6 Kc3 94. Bd6 Ra6+ 95. Kc7 Kd4 96. Rc5 Ra7+ 97. Kb6 Ra6+ 98. Kc7 Bc4 99. Rc6 Ra7+ 100. Kb6 Ra6+ 101. Kc7 Rxc6+ 102. Kxc6 1/2-1/2

[Event "December 5 Late 2023"]
[Site "https://www.chess.com"]
[Date "2023.12.05"]
[Round "6"]
[White "Holt, Conrad"]
[Black "Svane, Rasmus"]
[Result "1-0"]
[Board "19"]
[TimeControl "180+1"]
[WhiteFideId "2034387"]
[BlackFideId "4657101"]
[WhiteElo "2804"]
[BlackElo "2938"]
[WhiteTeam "USA"]
[BlackTeam "GER"]
[WhiteClock "0:01:00"]
[BlackClock "0:00:00"]

1. d4 d5 2. c4 e6 3. Nc3 h6 4. cxd5 exd5 5. Bf4 Nf6 6. e3 Bd6 7. Bxd6 Qxd6 8. Bd3 O-O 9. Qc2 Re8 10. Nb5 Qb4+ 11. Qc3 Qxc3+ 12. bxc3 Re7 13. c4 a6 14. Na3 c5 15. Ne2 dxc4 16. Nxc4 b5 17. Nb6 Bb7 18. Nxa8 Bxg2 19. Rg1 Bxa8 20. dxc5 Nbd7 21. Rc1 Ne5 22. Kd2 Nf3+ 23. Kc3 Nxg1 24. Rxg1 Rc7 25. Kb4 Nd5+ 26. Ka5 Rxc5 27. Rc1 Rxc1 28. Nxc1 Nc3 29. Kxa6 b4 30. Bc4 Be4 31. Bb3 Bb1 32. Ka5 Nd1 33. Kxb4 1-0

[Event "December 5 Late 2023"]
[Site "https://www.chess.com"]
[Date "2023.12.05"]
[Round "6"]
[White "Hamidi, Amir Mohammad"]
[Black "Khismatullin, Denis"]
[Result "1-0"]
[Board "20"]
[TimeControl "180+1"]
[WhiteFideId "12563285"]
[BlackFideId "4142578"]
[WhiteElo "2800"]
[BlackElo "2935"]
[WhiteTeam "IRI"]
[BlackTeam "RUS"]
[WhiteClock "0:00:19"]
[BlackClock "0:00:00"]

1. d4 Nf6 2. c4 e6 3. Nc3 d5 4. Bg5 Be7 5. e3 h6 6. Bh4 O-O 7. Nf3 b6 8. cxd5 Nxd5 9. Nxd5 Bxh4 10. Nxc7 Bxf2+ 11. Kxf2 Qxc7 12. Rc1 Qe7 13. Qc2 Nd7 14. Qc7 Qb4 15. Qc3 Qa4 16. a3 Nf6 17. Bd3 Bb7 18. Rhe1 Rac8 19. Qb4 Ng4+ 20. Ke2 Qd7 21. h3 Nf6 22. Kf2 Bxf3 23. gxf3 Rcd8 24. Rcd1 Qc7 25. Bf1 Qh2+ 26. Bg2 Nh5 27. Qd2 g5 28. Rh1 Qg3+ 29. Kf1 e5 30. d5 e4 31. fxe4 Qe5 32. Kf2 Ng3 33. Rhe1 Nxe4+ 34. Bxe4 Qxe4 35. Qd4 Rfe8 36. Qxe4 Rxe4 37. Kf3 f5 38. Rd3 Kf7 39. d6 Ke6 40. Red1 Rd7 41. Rd5 Re5 42. R5d4 h5 43. h4 g4+ 44. Kf4 Re4+ 45. Rxe4+ fxe4 46. Rd4 Rxd6 47. Rxe4+ Kf6 48. Ra4 Rd2 49. Rxa7 Rxb2 50. Rb7 Rf2+ 51. Kg3 Rf3+ 52. Kg2 Rxe3 53. Rxb6+ Kf5 54. Rb5+ Re5 55. Rb2 Ra5 56. Ra2 Ra4 57. Kg3 Ke4 58. Re2+ Kd4 59. Ra2 Kc3 60. Rf2 Ra5 61. a4 Rxa4 62. Rf5 Kd3 63. Rxh5 Ke3 64. Re5+ Kd4 65. Re8 Kd5 66. h5 1-0

[Event "December 5 Late 2023"]
[Site "https://www.chess.com"]
[Date "2023.12.05"]
[Round "6"]
[White "Sattarov, Bobir"]
[Black "Kamsky, Gata"]
[Result "1/2-1/2"]
[Board "21"]
[TimeControl "180+1"]
[WhiteFideId "14203081"]
[BlackFideId "2000024"]
[WhiteElo "2735"]
[BlackElo "2935"]
[WhiteTeam "UZB"]
[BlackTeam "USA"]
[WhiteClock "0:00:04"]
[BlackClock "0:00:14"]

1. e4 c5 2. Nf3 e6 3. d4 cxd4 4. Nxd4 a6 5. g3 b6 6. Bg2 Bb7 7. O-O Nc6 8. Nc3 Nge7 9. Re1 Nxd4 10. Qxd4 Nc6 11. Qd2 Bc5 12. b3 O-O 13. Bb2 Qc7 14. Rad1 Rfd8 15. e5 Bb4 16. a3 Bxc3 17. Qxc3 Rac8 18. Rd6 Ne7 19. Qxc7 Rxc7 20. Bd4 Bxg2 21. Bxb6 Bc6 22. Bxc7 Rc8 23. Ba5 Nf5 24. Rd2 h5 25. h4 f6 26. c4 Kf7 27. Bc3 g5 28. hxg5 fxg5 29. Red1 Rc7 30. Kh2 g4 31. Ba5 Rb7 32. b4 Ba4 33. Rb1 Bc6 34. b5 axb5 35. cxb5 Rxb5 36. Rxb5 Bxb5 37. Bb6 Ne7 38. Bc5 Nd5 39. Rb2 Bc6 40. Bd4 Kg6 41. Rc2 Kf5 42. Re2 Bb5 43. Re1 Bc6 44. Kg1 Kg5 45. Ra1 Ba4 46. Kf1 h4 47. gxh4+ Kxh4 48. Ke2 Kg5 49. Kd3 Kf4 50. Kc4 Ke4 51. Re1+ Kf3 52. Kc5 Kg2 53. Kd6 Kf3 54. Rb1 Ke4 55. Rd1 Kf3 56. Rc1 Ke4 57. Bc5 Kf3 58. Rg1 Kf4 59. Rg3 Bc6 60. Rd3 Ke4 61. Rd4+ Kf3 62. a4 Nf4 63. a5 Nh3 64. Rd3+ Ke4 65. Re3+ Kf4 66. Rg3 Kf5 67. a6 Ng5 68. Kc7 Ne4 69. Be3 Nxg3 70. fxg3 Kxe5 71. Bf4+ Ke4 72. Kd6 Kf3 73. Ke5 Kg2 74. a7 Kf3 75. Kd6 Ke4 76. Be5 Kf3 77. Bf4 Ke4 78. Be5 Kf3 79. Bf4 1/2-1/2

[Event "December 5 Late 2023"]
[Site "https://www.chess.com"]
[Date "2023.12.05"]
[Round "6"]
[White "Sjugirov, Sanan"]
[Black "Krzyzanowski, Marcin"]
[Result "1/2-1/2"]
[Board "22"]
[TimeControl "180+1"]
[WhiteFideId "4189302"]
[BlackFideId "1132199"]
[WhiteElo "2933"]
[BlackElo "2728"]
[WhiteTeam "HUN"]
[BlackTeam "POL"]
[WhiteClock "0:00:03"]
[BlackClock "0:00:02"]

1. e4 c5 2. Nf3 d6 3. d4 cxd4 4. Nxd4 Nf6 5. Nc3 a6 6. Be3 e5 7. Nf3 Be7 8. Bc4 O-O 9. O-O Be6 10. Bb3 Nc6 11. Qe2 Na5 12. Rfd1 Nxb3 13. cxb3 Qa5 14. Bg5 Rac8 15. Bxf6 Bxf6 16. Nd5 Bd8 17. a3 f5 18. b4 Qa4 19. exf5 Bxf5 20. Ne3 Qc6 21. Nxf5 Rxf5 22. Qd2 Rxf3 23. gxf3 Qxf3 24. Qd3 Qg4+ 25. Qg3 Qe6 26. Rac1 Rxc1 27. Rxc1 Bb6 28. h3 h6 29. Rd1 Bd4 30. Rd2 d5 31. Rc2 Qf5 32. Rc1 e4 33. Rd1 Qf6 34. Kg2 Kh7 35. b3 b5 36. Rd2 h5 37. h4 g6 38. Qg5 Qf3+ 39. Kg1 e3 40. Rxd4 Qxf2+ 41. Kh1 Qf1+ 42. Kh2 e2 43. Qe7+ Kh6 44. Qg5+ Kh7 45. Rxd5 Qf2+ 46. Kh3 Qf3+ 47. Kh2 Qf2+ 48. Kh3 Qf1+ 49. Kh2 Qf2+ 1/2-1/2

[Event "December 5 Late 2023"]
[Site "https://www.chess.com"]
[Date "2023.12.05"]
[Round "6"]
[White "Sivakumar, Shaaketh"]
[Black "Maksimovic, Bojan"]
[Result "0-1"]
[Board "23"]
[TimeControl "180+1"]
[WhiteFideId "30940176"]
[BlackFideId "14408120"]
[WhiteElo "2600"]
[BlackElo "2921"]
[WhiteTeam "USA"]
[BlackTeam "BIH"]
[WhiteClock "0:01:26"]
[BlackClock "0:01:07"]

1. Nf3 g6 2. d4 Bg7 3. e4 d5 4. Nc3 c6 5. Be3 dxe4 6. Nxe4 Nf6 7. Nxf6+ exf6 8. Bd3 O-O 9. c3 a5 10. O-O Na6 11. Qd2 Re8 12. Rfe1 Nc7 13. Bh6 Be6 14. Bxg7 Kxg7 15. Bc2 Qd6 16. b3 Bd5 17. Bd1 Rxe1+ 18. Nxe1 Re8 19. c4 Be4 20. Nc2 Ne6 21. Qxa5 Bxc2 22. Bxc2 Nxd4 23. Rd1 Qf4 24. Bd3 Qg4 25. Rc1 Nf3+ 26. Kh1 Qf4 27. gxf3 Qxc1+ 28. Kg2 Qg5+ 29. Qxg5 fxg5 30. a4 c5 31. Be4 b6 32. Bc6 Re7 33. Kf1 f5 34. Bd5 Kf6 35. h4 gxh4 36. f4 h6 0-1

[Event "December 5 Late 2023"]
[Site "https://www.chess.com"]
[Date "2023.12.05"]
[Round "6"]
[White "Melkumyan, Hrant"]
[Black "Hambleton, Aman"]
[Result "1-0"]
[Board "24"]
[TimeControl "180+1"]
[WhiteFideId "13302485"]
[BlackFideId "2606577"]
[WhiteElo "2911"]
[BlackElo "2709"]
[WhiteTeam "ARM"]
[BlackTeam "CAN"]
[WhiteClock "0:00:08"]
[BlackClock "0:00:00"]

1. Nf3 b6 2. e4 Bb7 3. Nc3 e6 4. d4 Bb4 5. Bd3 Nf6 6. e5 Ne4 7. Bd2 Bxc3 8. bxc3 f5 9. h4 O-O 10. Ng5 h6 11. Nxe4 fxe4 12. Be2 Nc6 13. Qc1 Ne7 14. Be3 Nf5 15. h5 Qe7 16. Rh3 Kh7 17. a4 c5 18. a5 Bd5 19. Kf1 cxd4 20. cxd4 Rac8 21. c3 Bc4 22. Bxc4 Rxc4 23. Kg1 Rfc8 24. Qb1 Rxc3 25. Qxe4 Kh8 26. axb6 axb6 27. Kh2 Qf7 28. Ra7 R3c7 29. Ra6 Rb8 30. Bd2 Ne7 31. Bb4 Rc6 32. Bd6 Rbc8 33. Qg4 Nd5 34. Rf3 Qg8 35. Ra7 Rd8 36. Qg6 Qe8 37. Rf7 Qg8 38. Raxd7 Rxd7 39. Rxd7 Rc8 40. Rb7 Nf4 41. Qg4 Nd5 42. g3 Re8 43. Kg2 Qh7 44. Qg6 Qg8 45. Rxg7 Qxg7 46. Qxe8+ Qg8 47. Qxg8+ Kxg8 48. Kf3 Kf7 49. Ke4 b5 50. Ba3 Nc3+ 51. Kd3 Nd5 52. Bc1 Kg7 53. Bd2 Nb6 54. g4 Nd5 55. f4 Ne7 56. Ke4 Nd5 57. f5 Nc7 58. f6+ Kh7 59. Bb4 Nd5 60. f7 Nxb4 61. f8=Q Nd5 62. Qf7+ 1-0

[Event "December 5 Late 2023"]
[Site "https://www.chess.com"]
[Date "2023.12.05"]
[Round "6"]
[White "Demchenko, Anton"]
[Black "Mendez Fortes, Eduardo Jesus"]
[Result "1-0"]
[Board "25"]
[TimeControl "180+1"]
[WhiteFideId "4160258"]
[BlackFideId "3502376"]
[WhiteElo "2894"]
[BlackElo "2591"]
[WhiteTeam "SLO"]
[BlackTeam "CUB"]
[WhiteClock "0:00:07"]
[BlackClock "0:00:03"]

1. e4 c5 2. Nc3 d6 3. Bb5+ Bd7 4. a4 g6 5. f4 Bg7 6. Nf3 a6 7. Bxd7+ Qxd7 8. Nd5 Qd8 9. a5 Nd7 10. O-O e6 11. Ne3 Ne7 12. d3 O-O 13. Qe1 f5 14. Ng5 Rf6 15. Nc4 h6 16. e5 dxe5 17. fxe5 Nxe5 18. Nxe5 hxg5 19. Bxg5 Qd4+ 20. Kh1 Rff8 21. Nc4 Kf7 22. Ra4 Rad8 23. Qe2 Rde8 24. b4 Qd7 25. Nb6 Qc6 26. bxc5 Nd5 27. Qf3 Rh8 28. h3 Be5 29. d4 Bb8 30. Nxd5 Qxa4 31. Nf4 Qc6 32. Qg3 Qc7 33. c3 Rhg8 34. Rb1 Qc6 35. Qf3 Rg7 36. Rxb7+ Qxb7 37. Qxb7+ Kg8 38. Qc6 Rf8 39. Qxe6+ Kh8 40. Qe2 Kg8 41. Ne6 Re8 42. d5 Rd7 43. c4 Kf7 44. c6 Rd6 45. Qb2 1-0

[Event "December 5 Late 2023"]
[Site "https://www.chess.com"]
[Date "2023.12.05"]
[Round "6"]
[White "Aronian, Levon"]
[Black "Vazquez, Facundo"]
[Result "1-0"]
[Board "26"]
[TimeControl "180+1"]
[WhiteFideId "13300474"]
[BlackFideId "3007669"]
[WhiteElo "3098"]
[BlackElo "2714"]
[WhiteTeam "USA"]
[BlackTeam "URU"]
[WhiteClock "0:00:53"]
[BlackClock "0:00:14"]

1. d4 Nf6 2. c4 e6 3. Nf3 d5 4. e3 Bb4+ 5. Bd2 Bxd2+ 6. Qxd2 O-O 7. Nc3 b6 8. Rc1 Bb7 9. cxd5 Nxd5 10. Nxd5 Bxd5 11. Bc4 Nd7 12. Bxd5 exd5 13. b4 Nf6 14. O-O Ne4 15. Qd3 Qd6 16. b5 a6 17. Rc6 Qd7 18. Ne5 Qe8 19. Rxc7 Qxb5 20. Qxb5 axb5 21. Nd7 Rfd8 22. Nxb6 Rxa2 23. Nxd5 h6 24. Nc3 Nxc3 25. Rxc3 Rb2 26. Rfc1 Kh7 27. R3c2 Rb3 28. Rc7 f6 29. h4 b4 30. Rb7 Kg6 31. Rcc7 Rg8 32. Rc5 h5 33. Kh2 Rb2 34. Kg3 Kh6 35. Rb6 Ra8 36. Rbb5 g6 37. Rc6 Rf8 38. Rbb6 Kg7 39. Rc7+ Kh6 40. Rc4 g5 41. hxg5+ Kxg5 42. Rcxb4 h4+ 43. Kf3 Rd2 44. R4b5+ f5 45. Ra6 Rf7 46. Rc5 Rg7 47. Rcc6 Rb2 48. Re6 Rb8 49. Ra5 Rf8 50. g4 hxg3 51. fxg3 Rh7 52. Ree5 Rh1 53. e4 Rf1+ 54. Kg2 Rd1 55. Rxf5+ Rxf5 56. Rxf5+ Kg4 57. Rf4+ Kg5 58. e5 Rd3 59. Kf2 1-0

[Event "December 5 Late 2023"]
[Site "https://www.chess.com"]
[Date "2023.12.05"]
[Round "6"]
[White "Bluebaum, Matthias"]
[Black "Djokic, Mihailo"]
[Result "1-0"]
[Board "27"]
[TimeControl "180+1"]
[WhiteFideId "24651516"]
[BlackFideId "976440"]
[WhiteElo "3016"]
[BlackElo "2713"]
[WhiteTeam "GER"]
[BlackTeam "SRB"]
[WhiteClock "0:01:31"]
[BlackClock "0:00:00"]

1. d4 Nf6 2. c4 g6 3. Nc3 Bg7 4. e4 O-O 5. Nf3 d6 6. Be2 e5 7. Be3 Ng4 8. Bg5 f6 9. Bh4 Nh6 10. dxe5 dxe5 11. Qxd8 Rxd8 12. Nd5 g5 13. Nxc7 gxh4 14. Nxa8 Na6 15. Rd1 Rf8 16. c5 Nxc5 17. Nc7 Nxe4 18. Nxh4 Kh8 19. Nf5 Bxf5 20. O-O Rc8 21. Nd5 Be6 22. Ne3 Bxa2 23. Rd7 Nc5 24. Rc1 Nxd7 25. Rxc8+ Bg8 26. Rd8 Nc5 27. Bc4 b5 28. Bd5 Bf8 29. Rxf8 Kg7 30. Rc8 Na4 31. b4 Nb6 32. Rc7+ Kg6 33. Bxg8 Nxg8 34. Rxa7 Na4 35. Nd5 Nh6 36. Rb7 Ng4 37. Rxb5 Kf5 38. Ne3+ Nxe3 39. fxe3 Ke4 40. Rb8 Kxe3 41. b5 e4 42. b6 f5 43. b7 Nc5 44. g3 h5 45. Kg2 h4 46. gxh4 f4 47. h5 Ke2 48. h6 f3+ 49. Kg3 e3 50. h7 Ne4+ 51. Kh4 Nd6 52. h8=Q Nf5+ 53. Kg5 f2 54. Qb2+ Kf3 55. Rf8 1-0

[Event "December 5 Late 2023"]
[Site "https://www.chess.com"]
[Date "2023.12.05"]
[Round "6"]
[White "Bolourchifard, Farzad"]
[Black "Hakobyan, Aram"]
[Result "0-1"]
[Board "28"]
[TimeControl "180+1"]
[WhiteFideId "12510084"]
[BlackFideId "13306677"]
[WhiteElo "2709"]
[BlackElo "3003"]
[WhiteTeam "IRI"]
[BlackTeam "ARM"]
[WhiteClock "0:00:11"]
[BlackClock "0:00:25"]

1. d4 Nf6 2. Nf3 d5 3. c4 e6 4. Nc3 Nbd7 5. Bg5 Bb4 6. e3 h6 7. Bh4 c5 8. cxd5 exd5 9. Be2 g5 10. Bg3 Ne4 11. O-O Bxc3 12. bxc3 Nxc3 13. Qc2 Nxe2+ 14. Qxe2 c4 15. e4 Qe7 16. Ne5 Nxe5 17. dxe5 Be6 18. exd5 Bxd5 19. Rfd1 Rd8 20. Rd4 O-O 21. Rad1 Be6 22. Rd6 c3 23. h4 gxh4 24. Bf4 Rxd6 25. exd6 Qf6 26. Be5 Qg5 27. Bxc3 h3 28. f4 Qg6 29. d7 Rd8 30. Kh2 Qxg2+ 31. Qxg2+ hxg2 32. Kxg2 Rxd7 33. Rxd7 Bxd7 34. a3 Kh7 35. Bd4 a6 36. Bb6 Kg6 37. Kf3 Kf5 38. Bd4 h5 39. Ke3 Bc6 40. Bc5 h4 41. Bb4 h3 42. Kf2 Kxf4 43. Bd6+ Kg4 44. Ke3 f5 45. Bc7 b5 46. Bd6 a5 47. Bc7 b4 48. axb4 axb4 49. Be5 b3 50. Kd2 Be4 51. Ke3 b2 52. Bxb2 h2 53. Kf2 h1=Q 54. Ke3 Qf3+ 0-1

[Event "December 5 Late 2023"]
[Site "https://www.chess.com"]
[Date "2023.12.05"]
[Round "6"]
[White "Henriquez Villagra, Cristobal"]
[Black "Panesar Vedant"]
[Result "1-0"]
[Board "29"]
[TimeControl "180+1"]
[WhiteFideId "3409350"]
[BlackFideId "35033018"]
[WhiteElo "2991"]
[BlackElo "2704"]
[WhiteTeam "CHI"]
[BlackTeam "IND"]
[WhiteClock "0:00:46"]
[BlackClock "0:00:00"]

1. g3 d5 2. Bg2 Nf6 3. f4 c5 4. Nf3 g6 5. O-O Bg7 6. d3 O-O 7. Nbd2 Nc6 8. e4 dxe4 9. dxe4 e5 10. c3 Qd3 11. Re1 Bg4 12. h3 Bxf3 13. Qxf3 Qxf3 14. Bxf3 Rfe8 15. Nc4 Rad8 16. a4 exf4 17. Bxf4 Nd7 18. Rad1 Nde5 19. Be2 h6 20. Kg2 Kh7 21. Ne3 Rxd1 22. Rxd1 g5 23. Bxe5 Bxe5 24. Rd7 Re7 25. Rd5 Bc7 26. Nf5 Rxe4 27. Bd3 Re5 28. Rd7 Bb6 29. Rxf7+ Kg6 30. Nd6+ Kh5 31. g4+ Kh4 32. Rf6 h5 33. Rh6 1-0

[Event "December 5 Late 2023"]
[Site "https://www.chess.com"]
[Date "2023.12.05"]
[Round "6"]
[White "Grigoriants, Sergey"]
[Black "Sahakyan, Aleks"]
[Result "1-0"]
[Board "30"]
[TimeControl "180+1"]
[WhiteFideId "4130804"]
[BlackFideId "13316338"]
[WhiteElo "2924"]
[BlackElo "2701"]
[WhiteTeam "HUN"]
[BlackTeam "ARM"]
[WhiteClock "0:00:29"]
[BlackClock "0:00:03"]

1. d4 Nf6 2. c4 c5 3. d5 b5 4. Qc2 d6 5. e4 g6 6. cxb5 Bg7 7. Nc3 O-O 8. Nf3 a6 9. bxa6 Nxa6 10. Be2 Nb4 11. Qd1 Ba6 12. O-O Nd7 13. a3 Bxe2 14. Qxe2 Na6 15. Bg5 h6 16. Bf4 Qb6 17. Rad1 Rfb8 18. Rd2 Nc7 19. e5 g5 20. Bg3 g4 21. Nh4 Nxe5 22. Nf5 Ng6 23. Qxg4 Ne8 24. h4 Nf6 25. Qf3 h5 26. Re1 Bf8 27. Nxd6 exd6 28. Qxf6 Re8 29. Rde2 Rxe2 30. Rxe2 Rd8 31. Qg5 Bg7 32. Qxh5 Qa6 33. Qg4 Kf8 34. h5 Ne5 35. Qg5 f6 36. Qf5 Nf7 37. Re6 Qc4 38. Ne4 Qc1+ 39. Kh2 Qh6 40. Nxf6 Qg5 41. Nh7+ 1-0

[Event "December 5 Late 2023"]
[Site "https://www.chess.com"]
[Date "2023.12.05"]
[Round "6"]
[White "Rasulov, Vugar"]
[Black "Papasimakopoulos, Alexandros"]
[Result "1-0"]
[Board "31"]
[TimeControl "180+1"]
[WhiteFideId "13402390"]
[BlackFideId "4244125"]
[WhiteElo "2907"]
[BlackElo "2655"]
[WhiteTeam "AZE"]
[BlackTeam "GRE"]
[WhiteClock "0:00:51"]
[BlackClock "0:00:11"]

1. g3 d5 2. Bg2 c6 3. Nf3 Bf5 4. O-O e6 5. c4 Nd7 6. d3 h6 7. Qb3 Qb6 8. Qc2 Ngf6 9. b3 Be7 10. Bb2 a5 11. Nc3 O-O 12. Rac1 Bh7 13. Qb1 Qa6 14. Qa1 b5 15. cxd5 cxd5 16. Nd4 Rab8 17. Rfd1 Bg6 18. e4 dxe4 19. Nxe4 Nxe4 20. dxe4 Bf6 21. Nc6 Bxb2 22. Qxb2 Rb7 23. e5 Nb8 24. Nxa5 Rd7 25. Rxd7 Nxd7 26. Nc6 Kh7 27. Ne7 Qa7 28. Nc6 Qb6 29. Rd1 Qc7 30. Qd4 Nb8 31. Qd6 Qxd6 32. exd6 Nxc6 33. Bxc6 b4 34. Rd4 Rd8 35. d7 Bb1 36. Be4+ Bxe4 37. Rxe4 Rxd7 38. Rxb4 Rd2 39. a4 Ra2 40. Rb5 g5 41. a5 Kg6 42. b4 h5 43. h4 f5 44. Rb6 gxh4 45. gxh4 Kf6 46. a6 f4 47. b5 Kf5 48. f3 e5 49. Rb8 e4 50. Rf8+ Ke6 51. Re8+ Kd5 52. Rxe4 Kc5 53. Re5+ Kb6 54. Rxh5 Rd2 55. Rf5 Rc2 56. h5 Rd2 57. h6 Rd6 58. Rh5 Rg6+ 59. Kf2 1-0

[Event "December 5 Late 2023"]
[Site "https://www.chess.com"]
[Date "2023.12.05"]
[Round "6"]
[White "Mendes Aaron Reeve"]
[Black "Hong, Andrew"]
[Result "1-0"]
[Board "32"]
[TimeControl "180+1"]
[WhiteFideId "25954938"]
[BlackFideId "2099438"]
[WhiteElo "2626"]
[BlackElo "2855"]
[WhiteTeam "CAN"]
[BlackTeam "USA"]
[WhiteClock "0:01:24"]
[BlackClock "0:00:01"]

1. e4 Nc6 2. d4 d5 3. e5 f6 4. f4 Bf5 5. Nf3 e6 6. Bd3 Nh6 7. c3 Be7 8. O-O O-O 9. Bb5 fxe5 10. Bxc6 bxc6 11. Nxe5 c5 12. Be3 c4 13. b3 cxb3 14. axb3 Bd6 15. Nd2 a5 16. Ndf3 Qe8 17. h3 Be4 18. g4 Qb5 19. c4 dxc4 20. bxc4 Qb7 21. Ng5 Bxe5 22. fxe5 Rxf1+ 23. Qxf1 Rf8 24. Qe2 Bc6 25. Nxe6 Rf3 26. d5 Rxh3 27. Bxh6 Rxh6 28. Qf2 Qc8 29. Rf1 Qxe6 30. Qf8# 1-0

[Event "December 5 Late 2023"]
[Site "https://www.chess.com"]
[Date "2023.12.05"]
[Round "6"]
[White "Bardyk, Artem"]
[Black "Tanriverdi, Enes"]
[Result "1-0"]
[Board "33"]
[TimeControl "180+1"]
[WhiteFideId "34349979"]
[BlackFideId "34543279"]
[WhiteElo "2853"]
[BlackElo "2632"]
[WhiteTeam "RUS"]
[BlackTeam "TUR"]
[WhiteClock "0:00:04"]
[BlackClock "0:00:04"]

1. e4 c5 2. c3 d6 3. d4 Nf6 4. Bd3 cxd4 5. cxd4 Nc6 6. Nf3 g6 7. O-O Bg7 8. Nc3 O-O 9. h3 e5 10. Be3 Nh5 11. dxe5 dxe5 12. Bc4 Nd4 13. Bxd4 exd4 14. Nb5 Qb6 15. e5 Be6 16. Bxe6 Qxb5 17. Bb3 Rad8 18. Re1 d3 19. a4 Qa5 20. Re4 Bh6 21. g4 Nf4 22. g5 Ne2+ 23. Kg2 Bg7 24. Qd2 Qb6 25. Rb4 Qc6 26. Rc4 Qd5 27. Rd1 a6 28. Rc3 Qd7 29. Rc4 Qf5 30. Qe3 b5 31. axb5 axb5 32. Re4 Rfe8 33. Rxd3 Rxd3 34. Qxd3 Nf4+ 35. Rxf4 Qxd3 36. Bxf7+ Kf8 37. Bxg6+ Ke7 38. Bxd3 b4 39. Bc4 Rd8 40. Rf7+ Ke8 41. Rxg7 Rd1 42. e6 Rb1 43. Bb5+ Kd8 44. e7+ 1-0

[Event "December 5 Late 2023"]
[Site "https://www.chess.com"]
[Date "2023.12.05"]
[Round "6"]
[White "Janaszak, Dawid"]
[Black "Mikaelyan, Arman"]
[Result "1-0"]
[Board "34"]
[TimeControl "180+1"]
[WhiteFideId "1119206"]
[BlackFideId "13304852"]
[WhiteElo "2593"]
[BlackElo "2846"]
[WhiteTeam "POL"]
[BlackTeam "ARM"]
[WhiteClock "0:00:07"]
[BlackClock "0:00:12"]

1. e4 c5 2. Nc3 b6 3. f4 Bb7 4. Nf3 g6 5. Bc4 Bg7 6. O-O e6 7. f5 Ne7 8. Ng5 O-O 9. f6 Bxf6 10. Rxf6 Nf5 11. e5 Nc6 12. Qe1 Nxe5 13. Rxf5 exf5 14. Qh4 h5 15. Bd5 Bxd5 16. Nxd5 Re8 17. d4 Ng4 18. Bf4 Re4 19. h3 Nh6 20. Qf2 Rxd4 21. c4 d6 22. Re1 Kh8 23. b3 b5 24. Be3 Rxd5 25. cxd5 Qf6 26. Nf3 Ng8 27. Bg5 Qg7 28. Qe3 Rc8 29. Bf4 Qf6 30. Bg5 Qb2 31. Bf4 Rd8 32. Qf2 Qc3 33. Qh4 Rf8 34. Bxd6 Rc8 35. Be5+ Qxe5 36. Nxe5 1-0

[Event "December 5 Late 2023"]
[Site "https://www.chess.com"]
[Date "2023.12.05"]
[Round "6"]
[White "Rangel, Daniel"]
[Black "Galaktionov, Artem"]
[Result "0-1"]
[Board "35"]
[TimeControl "180+1"]
[WhiteFideId "2124475"]
[BlackFideId "24175471"]
[WhiteElo "2560"]
[BlackElo "2845"]
[WhiteTeam "BRA"]
[BlackTeam "RUS"]
[WhiteClock "0:00:00"]
[BlackClock "0:00:53"]

1. c4 c6 2. d4 g6 3. Nc3 d6 4. Nf3 Bg7 5. g3 Nd7 6. Bg2 Ngf6 7. O-O O-O 8. e4 e5 9. Re1 a5 10. h3 exd4 11. Nxd4 Nc5 12. Be3 Re8 13. Qc2 a4 14. Rad1 Qa5 15. a3 Bd7 16. f4 h5 17. Bf2 Re7 18. f5 Rae8 19. fxg6 fxg6 20. b4 axb3 21. Nxb3 Qxa3 22. Nxc5 dxc5 23. Na4 Re5 24. Kh2 Be6 25. Bf1 Bf7 26. Ra1 Qb4 27. Reb1 Qa5 28. Nb6 Qxa1 29. Rxa1 Nxe4 30. Ra8 Rxa8 31. Nxa8 Nxf2 32. Qxf2 Rf5 33. Qe2 Bd4 34. Kg2 b5 35. cxb5 cxb5 36. Qxb5 Rf2+ 37. Kg1 Rb2+ 38. Kh1 Bd5+ 0-1